 Dungeon Sprint DCSS version 0.29-a0-757-g358383bc75 (webtiles) character file.

Game seed: 15226628147913362967

26529 wilfster70 the End of an Era (level 13, -9/93 HPs)
             Began as a Gargoyle Fighter on June 30, 2022.
             Was the Champion of Qazlal.
             Mangled by a rockslime (15 damage)
             ... in the Dungeon (Sprint V: "Ziggurat Sprint").
             The game lasted 00:08:22 (1664 turns).

wilfster70 the End of an Era (Gargoyle Fighter)     Turns: 1664, Time: 00:08:23

Health: -9/93      AC: 43    Str: 35    XL:     13   Next: 26%
Magic:  11/26      EV:  4    Int: 11    God:    Qazlal [******]
Gold:   0          SH:  0    Dex:  9    Spells: 12/12 levels left

rFire   + + .      SeeInvis .   a - +8 lance "Wyrmbane" {slay drac, rPois rF+ rC+ AC+3}
rCold   + + .      Faith    .   c - +18 shield of the Gong {rElec rN+ Will+ EV-5}
rNeg    + + .      Spirit   .   b - +5 gold dragon scales
rPois   ∞          Reflect  +   n - +1 helmet of Experimentation {rElec}
rElec   +          Harm     .   (no cloak)
rCorr   .          Rampage  .   (no gloves)
Will    +....      NoTele   +   (no boots)
Stlth   ..........              z - amulet of reflection
HPRegen 0.25/turn               p - +6 ring of strength
MPRegen 0.20/turn               q - +6 ring of strength

@: confused, protected from physical damage, studying Throwing, repel missiles
A: sickness immunity, AC +9, negative energy resistance 1, electricity
resistance, torment resistance 1, petrification resistance
a: Renounce Religion, Upheaval, Elemental Force, Disaster Area


You were in the Dungeon.
You worshipped Qazlal.
Qazlal was exalted by your worship.
You visited 1 branch

Inventory:

Hand Weapons
 a - the +8 lance "Wyrmbane" (weapon) {slay drac, rPois rF+ rC+ AC+3}
   (You found it in the Dungeon)

   It inflicts extra damage against dragons and draconians.
   AC:        It affects your AC (+3).
   rF:        It protects you from fire.
   rC:        It protects you from cold.
   rPois:     It protects you from poison.
Armour
 b - +5 gold dragon scales (worn)
 c - the +18 shield of the Gong (worn) {rElec rN+ Will+ EV-5}
   (You found it in the Dungeon)

   It is deafeningly noisy when blocking attacks.
   EV:        It affects your evasion (-5).
   rElec:     It insulates you from electricity.
   rN:        It protects you from negative energy.
   Will:      It increases your willpower.
 n - the +1 helmet of Experimentation (worn) {rElec}
   (You found it in the Dungeon)

   rElec:     It insulates you from electricity.
Jewellery
 i - a ring of see invisible
 p - a +6 ring of strength (left hand)
 q - a +6 ring of strength (right hand)
 z - an amulet of reflection (around neck)
Wands
 s - a wand of iceblast (3)
 t - a wand of acid (7)
 v - a wand of mindburst (7)
Scrolls
 j - 4 scrolls of blinking
 o - 4 scrolls of amnesia
 r - 5 scrolls of identify
 u - 8 scrolls of fog
 w - 2 scrolls of fear
Potions
 d - 7 potions of might
 e - 10 potions of curing
 f - 7 potions of heal wounds
 g - 6 potions of haste
 h - 7 potions of magic
 k - 2 potions of brilliance
 l - 2 potions of invisibility
 m - 4 potions of resistance
Miscellaneous
 x - a tin of tremorstones (2/2)
 y - a condenser vane


   Skills:
 + Level 15.6 Fighting
 - Level 12.0 Polearms
 + Level 15.7 Armour
 - Level 8.5 Dodging
 + Level 15.6 Shields
 * Level 18.5 Invocations
 - Level 9.0 Evocations


You had 12 spell levels left.
You didn't know any spells.
Your spell library contained the following spells:

 Spells                   Type           Power      Damage    Failure   Level
 Ensorcelled Hibernation  Hex/Ice        0%         N/A       100%        2
 Passwall                 Tmut/Erth      0%         N/A       100%        2
 Scorch                   Fire           0%         2d5       100%        2
 Call Canine Familiar     Summ           0%         N/A       100%        3
 Dazzling Flash           Conj/Hex       0%         N/A       100%        3
 Portal Projectile        Hex/Tloc       0%         N/A       100%        3
 Spider Form              Tmut/Pois      0%         N/A       100%        3
 Swiftness                Air            0%         N/A       100%        3
 Tukima's Dance           Hex            0%         N/A       100%        3
 Anguish                  Hex/Necr       0%         N/A       100%        4
 Animate Armour           Summ/Erth      0%         N/A       100%        4
 Dispel Undead            Necr           0%         3d6       100%        4
 Flame Wave               Conj/Fire      0%         2d4       100%        4
 Iskenderun's Mystic Bla  Conj/Tloc      0%         2d3       100%        4
 Leda's Liquefaction      Hex/Erth       0%         N/A       100%        4
 Passage of Golubria      Tloc           0%         N/A       100%        4
 Summon Ice Beast         Ice/Summ       0%         N/A       100%        4
 Alistair's Intoxication  Tmut/Pois      0%         N/A       100%        5
 Summon Mana Viper        Hex/Summ       0%         N/A       100%        5
 Yara's Violent Unravell  Hex/Tmut       0%         3d3       100%        5
 Starburst                Conj/Fire      0%         6d3       100%        6
 Summon Cactus Giant      Summ           0%         N/A       100%        6
 Malign Gateway           Summ/Tloc      0%         N/A       100%        7
 Lehudib's Crystal Spear  Conj/Erth      0%         10d2      100%        8
 Summon Horrible Things   Summ           0%         N/A       100%        8


Dungeon Overview and Level Annotations

Branches:
Dungeon (1/1)

Altars:
Ashenzari
Cheibriados
Dithmenos
Elyvilon
Fedhas
Gozag
Hepliaklqana
Kikubaaqudgha
Makhleb
Nemelex Xobeh
Okawaru
Qazlal
Ru
Sif Muna
Trog
Uskayaw
Vehumet
Wu Jian
Xom
Yredelemnul
Zin
The Shining One
Beogh
Jiyva
Lugonu


Innate Abilities, Weirdness & Mutations

You are immune to sickness and miasma.
Your stone body is resilient. (AC +9)
You are immune to poison.
You resist negative energy. (rN+)
You are resistant to electric shocks. (rElec)
You are resistant to unholy torment.
You are immune to petrification.


Message History

The rockslime is severely wounded.
The golden eye turns its gaze towards you.
The rockslime hits you!
You hold your ground!
The golden eye pulsates ominously.
The golden eye blinks!
The golden eye turns its gaze towards you.
The rockslime hits you but does no damage. x2
You hit the rockslime but do no damage.
The rockslime is severely wounded.
The rockslime hits you!!
You feel protected from physical attacks.
You are shoved backwards!
You hit the rockslime but do no damage.
The rockslime is severely wounded.
The rockslime barely misses you.
You bump into the unnaturally hard rock wall.
The golden eye is engulfed in freezing vapours.
The golden eye blinks!
The rockslime is struck by lightning.
The rockslime hits you!
You feel more protected from physical attacks.
You hold your ground!
The rockslime hits you but does no damage. x2
You puncture the rockslime!
The rockslime is almost dead.
The rockslime hits you but does no damage.
You bump into the unnaturally hard rock wall.
The golden eye blinks at you. You resist with almost no effort.
The rockslime hits you.
You hold your ground!
The rockslime hits you!
* * * LOW HITPOINT WARNING * * *
You feel more protected from physical attacks.
You hold your ground!
The golden eye blinks at you.
You are more confused.
The rockslime hits you!!
* * * LOW HITPOINT WARNING * * *
You hold your ground!
You bump into the unnaturally hard rock wall.
The rockslime hits you!
You die...

▓..≈[≈|=)...▓.[.©....▓
▓...)....)..▓▓▓▓▓▓▓▓▓▓
▓≈..........▓...8©8...
▓...≈.......▓..).[)...
▓.≈......≈..▓...))....
▓...≈.......▓.........
▓..▓☼....▓..▓.........
▓.≈..JJG....▓...)))...
▓..°§@○°....▓...).)...
▓▓▓▓▓▓▓▓▓▓▓▓▓.▓.....▓.
▓....8©8.[..▓....©....
▓..)}.......▓▓▓▓▓▓▓▓▓▓
▓...|}))|...▓...8©8...
▓......)....▓..)..)[..
▓....).)....▓...=[?...
▓...........▓....))...
▓.....[)†...▓...).)...


You could see 2 rockslimes and a golden eye.

Vanquished Creatures
  An acid blob (D)
  A storm dragon (D)
  A nagaraja (D)
  2 rockslimes (D)
  A deep elf sorcerer (D)
  A vault warden (D)
  A deep elf demonologist (D)
  A deep elf death mage (D)
  2 ironbound frosthearts (D)
  5 spriggan air magi (D)
  A centaur warrior (D)
  An anaconda (D)
  A naga warrior (D)
  4 dancing weapons (D)
  A deep elf knight (D)
  A glowing orange brain (D)
  A deep elf pyromancer (D)
  A deep elf archer (D)
  4 deep elf zephyrmancers (D)
  A shining eye (D)
  A guardian serpent (D)
  2 naga magi (D)
  2 black mambas (D)
  A tarantella (D)
  A tarantella (shapeshifter) (D)
  8 slime creatures (D)
  6 air elementals (D)
  A jumping spider (D)
  A water elemental (D)
  A golden eye (D)
  2 nagas (D)
  A hell hound (D)
  A water moccasin (D)
  A floating eye (D)
  3 orc warriors (D)
  An earth elemental (D)
  A scorpion (D)
  A crimson imp (D)
  2 iron imps (D)
  7 orc priests (D)
  4 jellies (D)
  6 orc wizards (D)
  An adder (D)
  6 orcs (D)
  2 endoplasms (D)
  A ball python zombie (D)
  A quokka zombie (D)
97 creatures vanquished.

Notes
Turn   | Place    | Note
-------+----------+-------------------------------------------
     0 | D        | wilfster70 the Gargoyle Fighter began the quest for the
                  | Orb.
     0 | D        | Reached XP level 1. HP: 14/14 MP: 1/1
    16 | D        | Found a shimmering blue altar of Sif Muna.
    16 | D        | Found a bloodstained altar of Trog.
    16 | D        | Found a sacrificial altar of Ru.
    16 | D        | Found a stormy altar of Qazlal.
    16 | D        | Found an iron altar of Okawaru.
    20 | D        | Found a sparkling altar of Nemelex Xobeh.
    20 | D        | Found the +7 great mace "Firestarter" {inner flame, rF++}
    20 | D        | Found the +6 shillelagh "Devastator" {shatter}
    20 | D        | Found the +11 plutonium sword {Contam Stlth-}
    20 | D        | Found the +8 lance "Wyrmbane" {slay drac, rPois rF+ rC+
                  | AC+3}
    20 | D        | Found the +9 sword of Zonguldrok {reap}
    20 | D        | Found the +13 scythe of Curses {drain, Drain}
    20 | D        | Found the +5 sword of Power {vorpal}
    20 | D        | Found the +7 mace of Variability {chain chaos}
    20 | D        | Found the +7 Singing Sword {vorpal, sonic wave}
    20 | D        | Found the +8 storm bow {elec, penet}
    20 | D        | Found the +6 Majin-Bo {vamp, MP+6 Int+6}
    20 | D        | Found the +9 heavy crossbow "Sniper" {vorpal, Acc+∞ SInv}
    20 | D        | Found the +10 dark maul {vorpal}
    20 | D        | Found the +15 Maxwell's patent armour {-Cast -Tele rElec
                  | Will+ rCorr}
    20 | D        | Found the +18 shield of the Gong {rElec rN+ Will+ EV-5}
    20 | D        | Found the +14 obsidian axe {vorpal, Mesm Drain Fly SInv}
    21 | D        | Found a burning altar of Makhleb.
    21 | D        | Found a corrupted altar of Lugonu.
    21 | D        | Found an ancient bone altar of Kikubaaqudgha.
    21 | D        | Found a transporter.
    21 | D        | Found a viscous altar of Jiyva.
    24 | D        | Became a worshipper of Qazlal Stormbringer
    32 | D        | Found a hazy altar of Hepliaklqana.
    67 | D        | Found a blossoming altar of Fedhas.
    69 | D        | Found an opulent altar of Gozag.
    72 | D        | Reached skill level 1 in Dodging
    72 | D        | Reached skill level 2 in Invocations
    72 | D        | Reached XP level 2. HP: 20/20 MP: 1/3
    97 | D        | Entered arena 2.
    97 | D        | Found a transporter.
   112 | D        | Entered arena 3.
   112 | D        | Noticed a scorpion
   112 | D        | Noticed a jumping spider
   112 | D        | Noticed a tarantella
   112 | D        | Found a transporter.
   115 | D        | Killed a jumping spider
   115 | D        | Reached * piety under Qazlal
   116 | D        | Reached skill level 5 in Fighting
   116 | D        | Reached skill level 5 in Polearms
   116 | D        | Reached skill level 5 in Armour
   116 | D        | Reached skill level 5 in Shields
   116 | D        | Reached skill level 4 in Invocations
   116 | D        | Reached XP level 3. HP: 26/26 MP: 3/6
   116 | D        | Reached XP level 4. HP: 31/31 MP: 3/7
   116 | D        | Reached XP level 5. HP: 35/35 MP: 3/8
   117 | D        | Killed a tarantella
   118 | D        | Reached skill level 5 in Invocations
   118 | D        | Reached XP level 6. HP: 42/42 MP: 3/9
   120 | D        | Reached XP level 7. HP: 47/47 MP: 3/11
   126 | D        | Got the +1 helmet of Experimentation {rElec}
   176 | D        | Entered arena 4.
   176 | D        | Noticed a deep elf pyromancer
   176 | D        | Noticed an air elemental
   176 | D        | Noticed a water elemental
   176 | D        | Noticed an air elemental
   176 | D        | Found a transporter.
   177 | D        | Paralysed by an air elemental for 1 turns
   180 | D        | Noticed a fire elemental
   180 | D        | Noticed a fire elemental
   181 | D        | Killed an air elemental
   181 | D        | Reached ** piety under Qazlal
   182 | D        | Reached skill level 5 in Evocations
   183 | D        | Paralysed by an air elemental for 1 turns
   188 | D        | Killed a deep elf pyromancer
   189 | D        | Reached skill level 5 in Dodging
   189 | D        | Reached skill level 6 in Invocations
   189 | D        | Reached XP level 8. HP: 28/53 MP: 12/12
   191 | D        | Killed a water elemental
   196 | D        | Paralysed by an air elemental for 1 turns
   200 | D        | Killed an air elemental
   201 | D        | Reached skill level 7 in Invocations
   432 | D        | Entered arena 5.
   432 | D        | Noticed an ironbound frostheart
   432 | D        | Noticed a vault warden
   432 | D        | Noticed an ironbound frostheart
   432 | D        | Noticed a centaur warrior
   432 | D        | Found a transporter.
   449 | D        | Killed a vault warden
   449 | D        | Reached *** piety under Qazlal
   450 | D        | Reached skill level 10 in Polearms
   450 | D        | Reached XP level 9. HP: 7/60 MP: 14/14
   452 | D        | Killed an ironbound frostheart
   453 | D        | Reached skill level 8 in Invocations
   457 | D        | Killed a centaur warrior
   458 | D        | Reached XP level 10. HP: 6/66 MP: 14/16
   469 | D        | Killed an ironbound frostheart
   470 | D        | Reached skill level 9 in Invocations
   627 | D        | Entered arena 6.
   627 | D        | Found a transporter.
   629 | D        | Reached **** piety under Qazlal
   650 | D        | Got the Reference Book on the Rocks and Companions
   663 | D        | Entered arena 7.
   663 | D        | Noticed a deep elf demonologist
   663 | D        | Noticed a deep elf zephyrmancer
   663 | D        | Noticed a deep elf knight
   663 | D        | Noticed a deep elf archer
   663 | D        | Noticed a deep elf zephyrmancer
   663 | D        | Noticed a deep elf sorcerer
   664 | D        | Found a transporter.
   666 | D        | Noticed a hellion
   672 | D        | Killed a deep elf sorcerer
   673 | D        | Reached skill level 10 in Fighting
   673 | D        | Reached skill level 10 in Armour
   673 | D        | Reached skill level 10 in Shields
   674 | D        | Killed a deep elf demonologist
   676 | D        | Killed a deep elf zephyrmancer
   676 | D        | Reached ***** piety under Qazlal
   677 | D        | Reached skill level 10 in Invocations
   678 | D        | Killed a deep elf zephyrmancer
   679 | D        | Reached XP level 11. HP: 41/73 MP: 4/18
   689 | D        | Killed a deep elf knight
   700 | D        | Killed a deep elf archer
   973 | D        | Entered arena 8.
   974 | D        | Found a transporter.
  1008 | D        | Entered arena 9.
  1009 | D        | Found a transporter.
  1014 | D        | Reached ****** piety under Qazlal
  1036 | D        | Got the Handbook of Supportive Beguiling
  1163 | D        | Entered arena 10.
  1164 | D        | Found a transporter.
  1175 | D        | Reached skill level 11 in Invocations
  1181 | D        | Got the ring "Omab" {+Blink rF- Int+7 Dex+6 SInv}
  1220 | D        | Entered arena 11.
  1220 | D        | Noticed a deep elf zephyrmancer
  1220 | D        | Noticed a deep elf zephyrmancer
  1220 | D        | Noticed a +1 hand axe of draining
  1220 | D        | Noticed a +0 vorpal scimitar
  1220 | D        | Noticed a +3 trident of venom
  1220 | D        | Noticed a deep elf death mage
  1220 | D        | Noticed a +1 scimitar of freezing
  1220 | D        | Noticed a death drake
  1220 | D        | a death drake changed into a tarantella
  1221 | D        | Found a transporter.
  1222 | D        | Killed a deep elf zephyrmancer
  1222 | D        | Killed a +1 hand axe of draining
  1222 | D        | Killed a deep elf zephyrmancer
  1222 | D        | Killed a +3 trident of venom
  1223 | D        | Reached skill level 12 in Invocations
  1223 | D        | Killed a deep elf death mage
  1223 | D        | Killed a +0 vorpal scimitar
  1224 | D        | Reached skill level 13 in Invocations
  1227 | D        | Killed a +1 scimitar of freezing
  1262 | D        | Got the Disquisition on Vitriolic Sinister Rituals
  1336 | D        | Entered arena 12.
  1336 | D        | Noticed a spriggan air mage
  1336 | D        | Noticed a spriggan air mage
  1336 | D        | Noticed a spriggan air mage
  1336 | D        | Noticed a spriggan air mage
  1336 | D        | Noticed a spriggan air mage
  1336 | D        | Noticed a storm dragon
  1336 | D        | Paralysed by an air elemental for 1 turns
  1338 | D        | Killed a spriggan air mage
  1339 | D        | Reached skill level 14 in Invocations
  1339 | D        | Reached XP level 12. HP: 55/84 MP: 13/22
  1339 | D        | Killed a spriggan air mage
  1339 | D        | Killed a spriggan air mage
  1339 | D        | Killed a spriggan air mage
  1339 | D        | Killed a storm dragon
  1339 | D        | Killed a spriggan air mage
  1340 | D        | Reached skill level 15 in Invocations
  1341 | D        | Found a transporter.
  1468 | D        | Entered arena 13.
  1468 | D        | Noticed a rockslime
  1469 | D        | Paralysed by a floating eye for 2 turns
  1471 | D        | Killed a rockslime
  1472 | D        | Reached skill level 16 in Invocations
  1474 | D        | Found a transporter.
  1483 | D        | Got the ring "Vuhoss" {Fire Will++ Dex+2}
  1519 | D        | Entered arena 14.
  1520 | D        | Noticed an anaconda
  1520 | D        | Noticed a naga warrior
  1520 | D        | Identified the amulet "Malokker" {Reflect Fly rC++ Regen+
                  | Int-3 SH+5}
  1521 | D        | Noticed a nagaraja
  1522 | D        | Killed an anaconda
  1524 | D        | Reached skill level 17 in Invocations
  1524 | D        | Found a transporter.
  1529 | D        | Killed a naga warrior
  1529 | D        | Killed a nagaraja
  1530 | D        | Reached skill level 15 in Fighting
  1530 | D        | Reached skill level 15 in Armour
  1530 | D        | Reached skill level 15 in Shields
  1530 | D        | Reached XP level 13. HP: 92/92 MP: 9/25
  1645 | D        | Entered arena 15.
  1646 | D        | Noticed a rockslime
  1646 | D        | Noticed a rockslime
  1646 | D        | Found the +8 frozen axe "Frostbite" {freezing cloud, *Noise
                  | Fly rC+}
  1646 | D        | Noticed an acid blob
  1647 | D        | Noticed a rockslime
  1648 | D        | Killed an acid blob
  1648 | D        | Killed a rockslime
  1649 | D        | Reached skill level 18 in Invocations
  1664 | D        | Mangled by a rockslime

Illustrated notes

Levels and vault maps discovered:
D:        sprint_v [room_start, room_1, room_2, room_3, room_4, room_5, room_6,
          room_7, room_8, room_9, room_10, room_11, room_12, room_13, room_14,
          room_15, room_16, room_17, room_18, room_19, room_20, room_21,
          room_22, room_23, room_24, room_25, room_26, room_27]

Skill      XL: |  1  2  3  4  5  6  7  8  9 10 11 12 13 |
---------------+----------------------------------------+-----
Fighting       | 4 5 6 7 8 9 10 13 15 | 15.6
Polearms       | 3 5 6 7 8 10 11 12 | 12.0
Armour         | 4 5 6 7 8 9 10 13 15 | 15.7
Dodging        | 1 3 4 5 6 8 |  8.5
Shields        | 4 5 6 7 8 9 10 13 15 | 15.6
Invocations    | 2 4 5 6 7 8 10 14 17 18 | 18.5
Evocations     | 2 3 4 5 6 7 8 9 |  9.0

Action                   |  1- 3 |  4- 6 |  7- 9 | 10-12 | 13-15 || total
-------------------------+-------+-------+-------+-------+-------++-------
Melee: Lance             |     6 |     4 |    37 |    91 |    10 ||   148
Invok: Upheaval          |       |       |       |     1 |       ||     1
       Elemental Force   |       |       |       |     1 |       ||     1
       Disaster Area     |       |       |       |     8 |     2 ||    10
Evoke: Wand              |       |       |     2 |     2 |       ||     4
  Use: Potion            |     2 |       |     4 |     1 |       ||     7
 Stab: Paralysed         |       |       |       |     1 |       ||     1
Armor: Gold dragon scale |     1 |       |    28 |    17 |     5 ||    51
Dodge: Dodged            |       |       |     1 |     1 |     1 ||     3
       Repelled          |       |       |       |     1 |       ||     1
Block: Kite shield       |     9 |     3 |    47 |    74 |     3 ||   136
       Reflection        |       |       |       |     1 |       ||     1

Table legend: (Time is in decaauts)
 A = Elapsed time spent in this place.
 B = Non-inter-level travel time spent in this place.
 C = Inter-level travel time spent in this place.
 D = Time resting spent in this place.
 E = Time spent auto-exploring this place.
 F = Levels seen in this place.
 G = Mean time per level.
                   A        B        C        D        E       F      G
               +--------+--------+--------+--------+--------+-----+--------+
         Total |   1643 |   1643 |      0 |   1102 |      0 |   1 | 1643.0 |
       Dungeon |   1643 |   1643 |      0 |   1102 |      0 |   1 | 1643.0 |
               +--------+--------+--------+--------+--------+-----+--------+

Top non-repeatable levels by time:
       D: 1643 daAuts
